AoeStats
← CNZS_98T

Arena

508391850Analyzed
4v4 RM · 10d ago on Sep 22, 2026· 29m 25s· 8 players
Game mode
Random Map
Map size
Large (8 player)
Population
200
Speed
Normal
Resources
Standard
Victory
Conquest
Starting age
Dark Age
Ending age
Imperial Age
RankedLock teamsTeams togetherTeam positionsShared explorationLock speedFull tech treeHidden civsTurbo modeCheats
Victory
Defeat
🇹🇼 Wei · Taiwan
2088
+7
🇹🇼 Spanish · Taiwan
2067
+8
🇹🇼 Cumans · Taiwan
2031
+9
🇹🇼 Burmese · Taiwan
1924
+13
🇨🇳 Mapuche · China
1956
-12
🇳🇱 Portuguese · Netherlands
1934
-12
🇧🇬 Inca · Bulgaria
1801
-7
🇺🇸 Muisca · United States
1769
-6
CNZS_98T
11:32 Feudal Age
13:13 Double-Bit Axe
15:44 Castle Age
21:39 Imperial Age
19:24 Gold Mining
19:51 Stone Mining
20:51 Loom
22:32 Fortified Wall
23:29 Chemistry
Zni.Locuss
10:20 Feudal Age
14:24 Castle Age
12:41 Double-Bit Axe
12:55 Horse Collar
21:40 Heavy Plow
22:20 Stone Mining
22:31 Loom
23:03 Bow Saw
24:30 Wheelbarrow
23:30 Champi Runner
24:18 Scale Mail Armor
24:04 Champi Warrior
25:08 Squires
25:27 Chain Mail Armor
25:52 Fletching
27:14 Bodkin Arrow
一剑扫秋风nelson
11:32 Feudal Age
12:07 Double-Bit Axe
15:18 Castle Age
13:04 Horse Collar
15:26 Gold Mining
16:13 Heavy Plow
18:18 Ballistics
18:19 Fletching
19:39 Bodkin Arrow
20:59 Padded Archer Armor
22:22 Padded Archer Armor
25:12 Stone Mining
28:24 Leather Archer Armor
28:56 Malon
Deaf Vader
10:28 Feudal Age
14:10 Castle Age
13:06 Double-Bit Axe
13:43 Fletching
15:27 Horse Collar
17:21 Bodkin Arrow
20:51 Ballistics
22:17 Bow Saw
26:11 Wheelbarrow
26:47 Padded Archer Armor
28:19 Hand Cart
嘻嘻哈哈
8:49 Feudal Age
9:32 Double-Bit Axe
9:44 Horse Collar
14:04 Wheelbarrow
15:30 Gold Mining
20:03 Castle Age
18:51 Scale Barding Armor
19:00 Bloodlines
19:32 Forging
21:17 Chain Barding Armor
21:08 Bow Saw
23:26 Loom
23:57 Hand Cart
25:19 Heavy Plow
25:58 Town Watch
28:25 Gold Shaft Mining
ANKR.Navvy
5:03 Loom
11:49 Feudal Age
15:43 Castle Age
14:07 Horse Collar
14:22 Gold Mining
17:38 Stone Mining
19:14 Padded Archer Armor
21:49 Husbandry
22:00 Bloodlines
Rayz
8:56 Feudal Age
9:22 Double-Bit Axe
9:17 Horse Collar
13:26 Wheelbarrow
16:33 Castle Age
14:37 Gold Mining
20:38 Imperial Age
18:56 Bow Saw
20:20 Gold Shaft Mining
20:34 Heavy Plow
27:13 Hand Cart
26:43 Loom
老天鵝
11:14 Feudal Age
12:30 Loom
15:14 Castle Age
13:28 Horse Collar
13:58 Gold Mining
14:24 Double-Bit Axe
16:22 Bow Saw
22:23 Bloodlines
24:47 Husbandry
25:21 Padded Archer Armor
26:12 Wheelbarrow
Connection lost

Rejoining the realm…

Still unreachable

The connection could not be restored.

Session expired

The server has moved on; the page needs a fresh start.